 Dungeon Sprint DCSS version 0.17-a0-1582-ge6b0260 (webtiles) character file.

164343 nuthulu the Invulnerable (level 25, -9/187 HPs)
             Began as a Gargoyle Fighter on July 27, 2015.
             Was the Champion of Trog.
             Killed by an exploding giant spore (10 damage)
             ... in the Dungeon (Sprint VI: "Thunderdome").
             The game lasted 01:07:43 (7779 turns).

nuthulu the Invulnerable (Gargoyle Fighter)         Turns: 7779, Time: 01:07:43

Health: -9/187     AC: 77    Str: 26    XL:     25   Next: 54%
Magic:  2/2        EV: 32    Int: 21    God:    Trog [******]
Gold:   18698      SH: 35    Dex: 36    Spells: 0 memorised, 24 levels left

rFire  + + .     SeeInvis .     N - +9 demon whip (antimagic)
rCold  + . .     Clarity  .     x - +12 gold dragon armour
rNeg   + . .     SustAt   .     Q - +6 large shield "Jaipruts" {rF+ rC- MR+ Dex+8}
rPois  ∞         Gourm    .     C - +3 helmet of Pumod {Stlth+}
rElec  +         Spirit   .     P - +1 cloak of Happiness {rCorr Slay+2}
rCorr  +         Warding  .     D - +3 pair of gloves "Lemokly" {rElec Int+6}
rMut   +         NoTele   +     B - +0 pair of boots "Oppin" {rPois MP-9 Int+4 Dex+6}
MR     +++..                    s - amulet of Feegites {rMut +Blink +Fly MP-9 Dex+4}
Stlth  ..........               r - ring of Zionloargh {Ice rElec MP-9 Str+4 Slay+3}
                                M - ring "Boocreys" {rF+ MR+ Dex+2}

@: extremely resistant to hostile enchantments, extremely unstealthy
A: big wings, rough black scales 1, deterioration 1, low mp 1, negative energy
resistance 1, electricity resistance, unbreathing, petrification resistance, rot
immunity, AC +19
a: Fly, Burn Spellbooks, Berserk, Trog's Hand, Brothers in Arms, Renounce
Religion, Evoke Blink, Evoke Flight
}: 9/15 runes: decaying, barnacled, slimy, silver, obsidian, bone, glowing,
magical, mossy


You were in the Dungeon.
You worshipped Trog.
Trog was exalted by your worship.
You were not hungry.

You visited 1 branch You collected 34390 gold pieces.
You spent 15692 gold pieces at shops.

Inventory:

Hand weapons
 a - a +9 flail of electrocution
 v - a +6 morningstar of protection
 y - the +11 morningstar "Kuah" {drain, Dex+2}
   (You found it in the Dungeon)

   A truly terrible weapon, it drains the life of those it strikes.
   It affects your dexterity (+2).
 E - the +6 eveningstar of Teyvah {freeze, Stlth+}
   (You found it in the Dungeon)

   It has been specially enchanted to freeze those struck by it, causing extra
   injury to most foes and up to half again as much damage against particularly
   susceptible opponents.
   It can also slow down cold-blooded creatures.
   It makes you more stealthy.
 N - a +9 antimagic demon whip (weapon)
Armour
 t - a +2 pair of gloves
 u - a +2 cloak
 x - a +12 gold dragon armour (worn)
 z - the +4 shield "Efeogemn" {*Contam Regen+ Int+2}
   (You bought it in a shop in the Dungeon)

   It affects your intelligence (+2).
   It causes magical contamination when unequipped.
   It increases your rate of regeneration.
 B - the +0 pair of boots "Oppin" (worn) {rPois MP-9 Int+4 Dex+6}
   (You bought it in a shop in the Dungeon)

   It affects your intelligence (+4).
   It affects your dexterity (+6).
   It protects you from poison.
   It affects your magic capacity (-9).
 C - the +3 helmet of Pumod (worn) {Stlth+}
   (You bought it in a shop in the Dungeon)

   It makes you more stealthy.
 D - the +3 pair of gloves "Lemokly" (worn) {rElec Int+6}
   (You bought it in a shop in the Dungeon)

   It affects your intelligence (+6).
   It insulates you from electricity.
 F - the +0 cloak of Dithmenos's Outrage {rPois MR+}
   (You bought it in a shop in the Dungeon)

   It protects you from poison.
   It affects your resistance to hostile enchantments.
 P - the +1 cloak of Happiness (worn) {rCorr Slay+2}
   (You bought it in a shop in the Dungeon)

   It affects your accuracy and damage with ranged weapons and melee attacks
   (+2).
   It protects you from acid and corrosion.
 Q - the +6 large shield "Jaipruts" (worn) {rF+ rC- MR+ Dex+8}
   (You bought it in a shop in the Dungeon)

   It affects your dexterity (+8).
   It protects you from fire.
   It makes you vulnerable to cold.
   It affects your resistance to hostile enchantments.
 U - the +4 dragonskin cloak
   (You took it off Tiamat in the Dungeon)
Rods
 Z - a +3 rod of inaccuracy (11/11)
   (You found it in the Dungeon)
Jewellery
 b - the ring of Eczohomit {rC+ rN+}
   (You bought it in a shop in the Dungeon)

   [ring of protection from cold]

   It protects you from cold.
   It protects you from negative energy.
 c - the ring of Attitude {+Fly rPois rC+ rN+ MR-}
   (You bought it in a shop in the Dungeon)

   [ring of positive energy]

   It protects you from cold.
   It protects you from poison.
   It protects you from negative energy.
   It affects your resistance to hostile enchantments.
   It lets you fly.
 f - an uncursed ring of protection from fire
 j - an uncursed ring of fire
 q - the ring "Feypaah" {rC+ SInv}
   (You bought it in a shop in the Dungeon)

   [ring of see invisible]

   It protects you from cold.
   It lets you see invisible.
 r - the ring of Zionloargh (right hand) {Ice rElec MP-9 Str+4 Slay+3}
   (You bought it in a shop in the Dungeon)

   [ring of ice]

   It enhances your ice magic, and weakens your fire magic.
   It affects your strength (+4).
   It affects your accuracy and damage with ranged weapons and melee attacks
   (+3).
   It makes you vulnerable to fire.
   It protects you from cold.
   It insulates you from electricity.
   It affects your magic capacity (-9).
 s - the amulet of Feegites (around neck) {rMut +Blink +Fly MP-9 Dex+4}
   (You bought it in a shop in the Dungeon)

   [amulet of resist mutation]

   It protects you from mutation.
   It affects your dexterity (+4).
   It affects your magic capacity (-9).
   It lets you fly.
   It lets you blink.
 G - the ring "Ciwkyof" {rC+ Int+4 Stlth-}
   (You bought it in a shop in the Dungeon)

   [ring of loudness]

   It affects your intelligence (+4).
   It protects you from cold.
   It makes you less stealthy.
 H - the ring "Hiasudae" {-Tele rPois Int+5 Dex-2 Stlth+}
   (You bought it in a shop in the Dungeon)

   [ring of stealth]

   It affects your intelligence (+5).
   It affects your dexterity (-2).
   It protects you from poison.
   It prevents most forms of teleportation.
   It makes you more stealthy.
 I - the amulet "Gony" {Stasis rElec Dex+4}
   (You bought it in a shop in the Dungeon)

   [amulet of stasis]

   It prevents you from being teleported, slowed, hasted or paralysed.
   It affects your dexterity (+4).
   It insulates you from electricity.
 J - the ring "Isoapniu" {rC- rN++ AC+4}
   (You bought it in a shop in the Dungeon)

   [ring of protection]

   It affects your AC (+4).
   It makes you vulnerable to cold.
   It greatly protects you from negative energy.
 K - the ring of Vetol {MP+9 Dex+7}
   (You bought it in a shop in the Dungeon)

   [ring of magical power]

   It affects your dexterity (+7).
   It affects your magic capacity (+9).
 L - the amulet of the Two Names {Faith *Corrode rPois rF+ MR+}
   (You bought it in a shop in the Dungeon)

   [amulet of faith]

   It allows you to gain divine favour quickly.
   It protects you from fire.
   It protects you from poison.
   It affects your resistance to hostile enchantments.
   It may corrode your equipment when you take damage.
 M - the ring "Boocreys" (left hand) {rF+ MR+ Dex+2}
   (You bought it in a shop in the Dungeon)

   [ring of protection from magic]

   It affects your dexterity (+2).
   It protects you from fire.
   It affects your resistance to hostile enchantments.
Magical devices
 l - a wand of cold (5)
 m - a wand of fire (3)
 W - a wand of heal wounds (2)
 X - a wand of heal wounds (3)
Scrolls
 k - 3 scrolls of blinking
 n - 2 scrolls of fog
 O - 14 scrolls of remove curse
 Y - 5 scrolls of recharging
Potions
 d - 2 potions of might
 g - 14 potions of heal wounds
 h - 9 potions of haste
 i - 2 potions of magic
 o - a potion of resistance
 A - 3 potions of brilliance
 V - a potion of cure mutation
Miscellaneous
 R - a quad damage
 S - a quad damage
Comestibles
 e - a bread ration
 p - 35 royal jellies


   Skills:
 O Level 27 Fighting
 O Level 27 Maces & Flails
 O Level 27 Armour
 O Level 27 Dodging
 - Level 3.9 Stealth
 O Level 27 Shields
 + Level 24.9 Evocations


You had 24 spell levels left.
You didn't know any spells.

Dungeon Overview and Level Annotations

Branches:
Dungeon (1/1)

Altars:
Cheibriados
Dithmenos
Fedhas
Gozag
Kikubaaqudgha
Makhleb
Okawaru
Qazlal
Ru
Sif Muna
Trog
Vehumet
Xom
Yredelemnul
Zin
The Shining One
Jiyva
Lugonu

Shops:
D *[??*?*:[((!!!!


Innate Abilities, Weirdness & Mutations

You are resistant to torment.
Your stone body is resilient (AC +19).
You are immune to poison.
Your large and strong wings let you fly indefinitely.
You resist negative energy.
You are resistant to electric shocks.
You can survive without breathing.
You are immune to petrification.
You are immune to rotting.
You are partially covered in rough black scales (AC +4, Dex -1).
Your body sometimes deteriorates upon taking damage.
Your magical capacity is low (-10% MP).


Message History

The explosion of spores engulfs the ballistomycete.
The explosion of spores engulfs you!
The explosion of spores engulfs the ballistomycete.
The explosion of spores engulfs the giant spore.
The giant spore explodes!
The explosion of spores engulfs the ballistomycete. x2
You hear an explosion!
The explosion of spores engulfs the ballistomycete. x4
You hear an explosion!
The explosion of spores engulfs you!
* * * LOW HITPOINT WARNING * * *
You hear an explosion!
The explosion of spores engulfs the ballistomycete.
A fungus suddenly grows.
The explosion of spores engulfs the ballistomycete. x3
The explosion of spores engulfs the giant spore.
The giant spore explodes!
The explosion of spores engulfs the ballistomycete.
The explosion of spores engulfs you!
You die... #..).}).._# #_.[[..PPP# ###P(()).PPP### #PPP))(()PPPPP#

######*8P[)...PPP8P######
##∩___PPPPP[###PPPPPPP._∩##
###∩....PPPP8P# #P8PPPPP...∩###
##..[...)PPPPPP###PPPPPPP......##
#⌠..)))...).###§@P###../.)...([⌠#
#⌠....).).).# #*PP# #))....(...⌠#
#⌠..)).)))).###PPP###..(.......⌠#
##......))..PP*###PP.*.).......##
###∩)....PPP8P# #P8PP).....∩###
##∩__.PPPPP.###PPPPPP___∩##
######P8PP....PPP8P######


#PPP..))!PPPPP# ###P.).).PPP### There were no monsters in sight!

Vanquished Creatures
  Asmodeus (D)
  Ereshkigal (D)
  Mnoleg (D)
  Lom Lobon (D)
  Tiamat (D)
  3 orbs of fire (D)
  An ancient lich (D)
  Agnes (D)
  2 Killer Klowns (D)
  A golden dragon (D)
  Geryon (D)
  15 tentacled monstrosities (D)
  12 Orb Guardians (D)
  6 titans (D)
  4 acid blobs (D)
  10 ghost moths (D)
  2 azure jellies (D)
  A frost giant (D)
  A balrug (D)
  10 reapers (D)
  2 ophanim (D)
  9 lorocyprocas (D)
  10 ettins (D)
  2 merfolk javelineers (D)
  5 blizzard demons (D)
  A merfolk impaler (D)
  5 great orbs of eyes (D)
  A wizard (D)
  8 hell beasts (D)
  3 spriggan air magi (D)
  12 catoblepae (D)
  5 merfolk aquamancers (D)
  15 dancing weapons (D)
  A hell hog (D)
  A hell knight (D)
  6 ice devils (D)
  4 sun demons (D)
  9 shadow wraiths (D)
  9 unseen horrors (D)
  3 hornets (D)
  3 harpies (D)
  9 shining eyes (D)
  3 moths of wrath (D)
  An elephant (D)
  2 sixfirhies (D)
  A torpor snail (D)
  A hellion (D)
  An orange demon (D)
  A hellwing (D)
  A komodo dragon (D)
  A blink frog (D)
  20 tormentors (D)
  4 golden dragon simulacra (D)
  A slime creature (D)
  5 stone giant simulacra (D)
  A wyvern (D)
  An air elemental (D)
  A snapping turtle (D)
  3 water elementals (D)
  4 hungry ghosts (D)
  A ynoxinul (D)
  3 golden eyes (D)
  12 neqoxecs (D)
  17 vampire mosquitoes (D)
  A chaos spawn (D)
  A wolf (D)
  4 insubstantial wisps (D)
  A water moccasin (D)
  A hell hound (D)
  5 dwarves (D)
  3 ice beasts (D)
  4 eyes of draining (D)
  5 spiders (D)
  A necrophage (D)
  16 sky beasts (D)
  A giant frog (D)
  10 brain worms (D)
  2 scorpions (D)
  6 vampire bats (D)
  2 jellies (D)
  3 spriggan simulacra (D)
  A worker ant (D)
  A sheep (D)
  14 giant eyeballs (D)
  An adder skeleton (D)
  5 worms (D)
  A giant cockroach (D)
  A kobold (D)
  A rat (D)
  20 ballistomycetes (D)
  17 giant spores (D)
411 creatures vanquished.

Vanquished Creatures (collateral kills)
  Mennas (D)
  2 Orb Guardians (D)
  2 acid blobs (D)
  An azure jelly (D)
  A merfolk avatar (D)
  3 merfolk javelineers (D)
  A merfolk impaler (D)
  2 great orbs of eyes (D)
  2 sea snakes (D)
  3 harpies (D)
  A manticore (D)
  2 hungry ghosts (D)
21 creatures vanquished.

Vanquished Creatures (others)
  An eldritch tentacle (D)
  13 ball lightnings (D)
  A sixfirhy (D)
  A necrophage (D)
  A giant eyeball (D)
  2 adder skeletons (D)
  2 bat skeletons (D)
  A bat zombie (D)
  50 eldritch tentacle segments (D)
  700 giant spores (D)
772 creatures vanquished.

Grand Total: 1204 creatures vanquished

Notes
Turn   | Place    | Note
--------------------------------------------------------------
     0 | D        | nuthulu the Gargoyle Fighter began the quest for the Orb.
     0 | D        | Reached XP level 1. HP: 14/14 MP: 1/1
     1 | D        | Found a bloodstained altar of Trog.
     2 | D        | Found a shadowy altar of Dithmenos.
     3 | D        | Found a burning altar of Makhleb.
     3 | D        | Found an ancient bone altar of Kikubaaqudgha.
     4 | D        | Found Lyvent's Do-It-Yourself Clinic.
     4 | D        | Found a sacrificial altar of Ru.
     4 | D        | Found Qus Nys's Distillery.
     5 | D        | Found Doirphi's Bottled Wisdom.
     5 | D        | Found Conoev's Distillery.
     5 | D        | Round 1.
     6 | D        | Found a basalt altar of Yredelemnul.
     9 | D        | Became a worshipper of Trog the Wrathful
    10 | D        | Noticed a worker ant
    18 | D        | Bought 6 potions of might for 168 gold pieces
    21 | D        | Killed a worker ant
    21 | D        | Reached skill level 4 in Fighting
    21 | D        | Reached XP level 2. HP: 16/20 MP: 2/2
    29 | D        | Found an opulent altar of Gozag.
    31 | D        | Found a shimmering altar of Xom.
    31 | D        | Found a radiant altar of Vehumet.
    32 | D        | Found Duyc's Staff Store.
    33 | D        | Found Emnirgh's Must-Have Magic.
    33 | D        | Found Buyvotav's Magic Scroll Shop.
    34 | D        | Found a blossoming altar of Fedhas.
    34 | D        | Found Poofaeg's Magic Scroll Shop.
    38 | D        | Found an iron altar of Okawaru.
    39 | D        | Found a deep blue altar of Sif Muna.
    40 | D        | Found a snail-covered altar of Cheibriados.
    41 | D        | Found Uruuzer's Bee Food.
    42 | D        | Found Voczohelio's Jewellery.
    42 | D        | Found Dawomm's Advanced Armour.
    42 | D        | Found a glowing golden altar of the Shining One.
    42 | D        | Found a stormy altar of Qazlal.
    42 | D        | Found Rina's Identification Station.
    47 | D        | Acquired Trog's first power
    47 | D        | Reached XP level 3. HP: 20/24 MP: 3/3
    48 | D        | Found a glowing silver altar of Zin.
    49 | D        | Found a viscous altar of Jiyva.
    50 | D        | Found a corrupted altar of Lugonu.
    51 | D        | Found Pynoruce's Premium Goods.
    52 | D        | Found Hosapo's Weapon Rack.
    52 | D        | Found Ixopn's Miscellaneous Merchandise.
    52 | D        | Found Kaimekh's Basic Armour.
   154 | D        | Reached skill level 5 in Shields
   172 | D        | Arena points: 12 (+12) [x2]
   188 | D        | Bought a glittering granite ring for 45 gold pieces
   188 | D        | Identified the ring "Feypaah" {rC+ SInv} (You bought it in a shop in the Dungeon)
   205 | D        | Round 2.
   233 | D        | Acquired Trog's second power
   233 | D        | Reached skill level 5 in Armour
   247 | D        | Reached skill level 5 in Fighting
   302 | D        | Arena points: 48 (+36) [x3]
   311 | D        | Bought a scintillating lead ring for 45 gold pieces
   311 | D        | Identified the ring of Zionloargh {Ice rElec MP-9 Str+4 Slay+3} (You bought it in a shop in the Dungeon)
   349 | D        | Round 3.
   359 | D        | Reached XP level 4. HP: 23/32 MP: 0/4
   371 | D        | Reached skill level 6 in Fighting
   371 | D        | Reached XP level 5. HP: 26/37 MP: 0/5
   372 | D        | Reached skill level 5 in Maces & Flails
   372 | D        | Reached skill level 7 in Armour
   415 | D        | Reached XP level 6. HP: 37/44 MP: 0/6
   458 | D        | Arena points: 132 (+84) [x4]
   475 | D        | Bought 3 potions of heal wounds for 105 gold pieces
   496 | D        | Round 4.
   510 | D        | Reached skill level 8 in Fighting
   562 | D        | Reached XP level 7. HP: 44/50 MP: 0/7
   566 | D        | Acquired Trog's third power
   566 | D        | Reached skill level 9 in Fighting
   618 | D        | Arena points: 292 (+160) [x5]
   618 | D        | Reached skill level 10 in Armour
   618 | D        | Reached skill level 10 in Shields
   635 | D        | Bought a scroll of brand weapon for 200 gold pieces
   680 | D        | Round 5.
   688 | D        | Noticed a witch
   694 | D        | Noticed a four-headed hydra
   707 | D        | Killed a witch
   707 | D        | Arena points: 572 (+280) [x7]
   707 | D        | Reached skill level 11 in Fighting
   707 | D        | Reached XP level 8. HP: 30/60 MP: 0/8
   710 | D        | Got a decaying rune of Zot
   711 | D        | Reached XP level 9. HP: 22/64 MP: 0/9
   737 | D        | Bought 3 royal jellies for 24 gold pieces
   741 | D        | Bought a brightly glowing pewter amulet for 45 gold pieces
   741 | D        | Identified the amulet of Feegites {rMut +Blink +Fly MP-9 Dex+4} (You bought it in a shop in the Dungeon)
   808 | D        | Bought a pair of gloves for 157 gold pieces
   829 | D        | Bought a +0 cloak for 54 gold pieces
   898 | D        | Round 6.
   917 | D        | Received a gift from Trog
   964 | D        | Reached XP level 10. HP: 70/70 MP: 0/10
   968 | D        | Arena points: 860 (+288) [x8]
   983 | D        | Round 7.
   985 | D        | Bought 4 scrolls of enchant armour for 300 gold pieces
   991 | D        | Reached skill level 12 in Maces & Flails
  1019 | D        | Noticed a torpor snail
  1029 | D        | Killed a torpor snail
  1029 | D        | Received a gift from Trog
  1111 | D        | Noticed an elephant
  1128 | D        | Killed an elephant
  1128 | D        | Received a gift from Trog
  1134 | D        | Arena points: 1490 (+630) [x9]
  1173 | D        | Round 8.
  1194 | D        | Noticed an ice devil
  1219 | D        | Killed an ice devil
  1219 | D        | Reached skill level 13 in Maces & Flails
  1256 | D        | Noticed a sixfirhy
  1267 | D        | Killed a sixfirhy
  1267 | D        | Received a gift from Trog
  1277 | D        | Noticed a sixfirhy
  1284 | D        | Killed a sixfirhy
  1284 | D        | Reached XP level 11. HP: 57/78 MP: 0/11
  1306 | D        | Arena points: 2210 (+720) [x10]
  1353 | D        | Round 9.
  1472 | D        | Lost intelligence.
  1490 | D        | Received a gift from Trog
  1511 | D        | Arena points: 3299 (+1089) [x11]
  1523 | D        | Round 10.
  1531 | D        | Bought a +0 gold dragon armour for 960 gold pieces
  1548 | D        | Noticed a dimme
  1551 | D        | Noticed an eldritch tentacle
  1557 | D        | Killed a dimme
  1557 | D        | Arena points: 4469 (+1170) [x13]
  1557 | D        | Killed an eldritch tentacle
  1557 | D        | Reached skill level 14 in Fighting
  1558 | D        | Got a brightly glowing morningstar
  1558 | D        | Got a barnacled rune of Zot
  1559 | D        | Identified the +11 morningstar "Kuah" {drain, Dex+2} (You found it in the Dungeon)
  1569 | D        | Bought 6 potions of brilliance for 168 gold pieces
  1571 | D        | Reached XP level 12. HP: 85/85 MP: 0/12
  1589 | D        | Bought 4 scrolls of enchant armour for 300 gold pieces
  1672 | D        | Round 11.
  1688 | D        | Bought 3 royal jellies for 24 gold pieces
  1747 | D        | Reached skill level 15 in Shields
  1749 | D        | Reached skill level 15 in Fighting
  1749 | D        | Reached skill level 15 in Armour
  1775 | D        | Arena points: 6471 (+2002) [x14]
  1788 | D        | Bought 3 potions of heal wounds for 105 gold pieces
  1788 | D        | Bought 3 potions of heal wounds for 105 gold pieces
  1811 | D        | Bought a smoking shield for 332 gold pieces
  1814 | D        | Round 12.
  1821 | D        | Identified the +4 shield "Efeogemn" {*Contam Regen+ Int+2} (You bought it in a shop in the Dungeon)
  1839 | D        | Received a gift from Trog
  1839 | D        | Reached skill level 15 in Maces & Flails
  1905 | D        | Arena points: 8271 (+1800) [x15]
  1917 | D        | Bought a pair of dazzling boots for 332 gold pieces
  1917 | D        | Bought a steaming helmet for 332 gold pieces
  1922 | D        | Identified the +0 pair of boots "Oppin" {rPois MP-9 Int+4 Dex+6} (You bought it in a shop in the Dungeon)
  1927 | D        | Identified the +3 helmet of Pumod {Stlth+} (You bought it in a shop in the Dungeon)
  1967 | D        | Round 13.
  2070 | D        | Arena points: 10559 (+2288) [x16]
  2088 | D        | Bought 3 royal jellies for 24 gold pieces
  2088 | D        | Bought 3 royal jellies for 24 gold pieces
  2105 | D        | Bought 8 scrolls of enchant weapon for 600 gold pieces
  2120 | D        | Round 14.
  2130 | D        | Reached skill level 16 in Shields
  2142 | D        | Received a gift from Trog
  2171 | D        | Reached XP level 13. HP: 93/93 MP: 0/13
  2254 | D        | Arena points: 13891 (+3332) [x17]
  2273 | D        | Bought 4 scrolls of enchant armour for 300 gold pieces
  2277 | D        | Bought 4 scrolls of enchant armour for 300 gold pieces
  2292 | D        | Round 15.
  2296 | D        | Noticed Agnes
  2336 | D        | Killed Agnes
  2336 | D        | Received a gift from Trog
  2336 | D        | Arena points: 17026 (+3135) [x19]
  2336 | D        | Reached skill level 17 in Fighting
  2339 | D        | Got a mossy rune of Zot
  2340 | D        | Got an iridescent eveningstar
  2341 | D        | Identified the +6 eveningstar of Teyvah {freeze, Stlth+} (You found it in the Dungeon)
  2347 | D        | Gained mutation: Your large and strong wings let you fly indefinitely. [Gargoyle growth]
  2347 | D        | Reached XP level 14. HP: 102/102 MP: 0/14
  2376 | D        | Bought 3 potions of heal wounds for 105 gold pieces
  2383 | D        | Bought 6 potions of might for 168 gold pieces
  2420 | D        | Bought a pair of jewelled gloves for 332 gold pieces
  2420 | D        | Bought a faintly humming cloak for 332 gold pieces
  2430 | D        | Identified the +3 pair of gloves "Lemokly" {rElec Int+6} (You bought it in a shop in the Dungeon)
  2440 | D        | Identified the cursed +0 cloak of Dithmenos's Outrage {rPois MR+} (You bought it in a shop in the Dungeon)
  2537 | D        | Round 16.
  2620 | D        | Reached skill level 5 in Dodging
  2637 | D        | Received a gift from Trog
  2637 | D        | Reached skill level 18 in Fighting
  2729 | D        | Arena points: 17234 (+208) [x1]
  2744 | D        | Round 17.
  2764 | D        | Received a gift from Trog
  2787 | D        | Reached skill level 19 in Fighting
  2817 | D        | Noticed a balrug
  2827 | D        | Killed a balrug
  2841 | D        | Noticed a reaper
  2848 | D        | Killed a reaper
  2870 | D        | Received a gift from Trog
  2897 | D        | Arena points: 17676 (+442) [x2]
  2923 | D        | Bought a coiled ivory ring for 45 gold pieces
  2924 | D        | Identified the ring "Ciwkyof" {rC+ Int+4 Stlth-} (You bought it in a shop in the Dungeon)
  2929 | D        | Bought a transparent lapis lazuli ring for 45 gold pieces
  2930 | D        | Identified the ring of Eczohomit {rC+ rN+} (You bought it in a shop in the Dungeon)
  2931 | D        | Bought a flickering copper ring for 45 gold pieces
  2932 | D        | Identified the ring of Attitude {+Fly rPois rC+ rN+ MR-} (You bought it in a shop in the Dungeon)
  2933 | D        | Bought a transparent platinum ring for 45 gold pieces
  2933 | D        | Bought a transparent pewter amulet for 45 gold pieces
  2934 | D        | Identified the ring "Hiasudae" {-Tele rPois Int+5 Dex-2 Stlth+} (You bought it in a shop in the Dungeon)
  2935 | D        | Bought a flickering wooden ring for 45 gold pieces
  2936 | D        | Identified the ring "Isoapniu" {rC- rN++ AC+4} (You bought it in a shop in the Dungeon)
  2937 | D        | Bought a scorched ivory ring for 45 gold pieces
  2937 | D        | Bought a vibrating iron amulet for 45 gold pieces
  2938 | D        | Identified the ring of Vetol {MP+9 Dex+7} (You bought it in a shop in the Dungeon)
  2939 | D        | Bought a scintillating jade ring for 45 gold pieces
  2940 | D        | Identified the ring "Boocreys" {rF+ MR+ Dex+2} (You bought it in a shop in the Dungeon)
  2947 | D        | Round 18.
  2987 | D        | Reached XP level 15. HP: 112/112 MP: 0/15
  3001 | D        | Received a gift from Trog
  3008 | D        | Reached skill level 10 in Dodging
  3042 | D        | Received a gift from Trog
  3072 | D        | Arena points: 18324 (+648) [x3]
  3072 | D        | Reached skill level 20 in Fighting
  3096 | D        | Bought 3 potions of heal wounds for 105 gold pieces
  3119 | D        | Round 19.
  3200 | D        | Received a gift from Trog
  3200 | D        | Noticed a frost giant
  3226 | D        | Killed a frost giant
  3242 | D        | Received a gift from Trog
  3259 | D        | Arena points: 19540 (+1216) [x4]
  3302 | D        | Bought 8 scrolls of enchant weapon for 600 gold pieces
  3314 | D        | Round 20.
  3325 | D        | Noticed Mennas
  3346 | D        | Killed Mennas
  3346 | D        | Arena points: 20980 (+1440) [x6]
  3346 | D        | Reached skill level 21 in Fighting
  3349 | D        | Got a silver rune of Zot
  3352 | D        | Reached XP level 16. HP: 121/121 MP: 0/16
  3394 | D        | Bought 15 scrolls of remove curse for 450 gold pieces
  3410 | D        | Bought a translucent cloak for 332 gold pieces
  3420 | D        | Identified the +1 cloak of Happiness {rCorr Slay+2} (You bought it in a shop in the Dungeon)
  3528 | D        | Round 21.
  3536 | D        | Noticed an acid blob
  3536 | D        | Noticed an acid blob
  3548 | D        | Killed an acid blob
  3548 | D        | Received a gift from Trog
  3560 | D        | Killed an acid blob
  3572 | D        | Reached skill level 22 in Fighting
  3575 | D        | Noticed an acid blob
  3578 | D        | Killed an acid blob
  3593 | D        | Noticed an acid blob
  3607 | D        | Killed an acid blob
  3607 | D        | Received a gift from Trog
  3642 | D        | Noticed an acid blob
  3659 | D        | Paralysed by a great orb of eyes for 3 turns
  3660 | D        | Killed an acid blob
  3665 | D        | Received a gift from Trog
  3665 | D        | Arena points: 23185 (+2205) [x7]
  3685 | D        | Bought 3 potions of heal wounds for 105 gold pieces
  3685 | D        | Bought 3 potions of heal wounds for 105 gold pieces
  3685 | D        | Bought 3 potions of heal wounds for 105 gold pieces
  3685 | D        | Bought 3 potions of heal wounds for 105 gold pieces
  3685 | D        | Bought 3 potions of heal wounds for 105 gold pieces
  3685 | D        | Bought 3 potions of heal wounds for 105 gold pieces
  3685 | D        | Bought 3 potions of heal wounds for 105 gold pieces
  3709 | D        | Bought a quad damage for 400 gold pieces
  3709 | D        | Bought a quad damage for 400 gold pieces
  3709 | D        | Bought a quad damage for 400 gold pieces
  3735 | D        | Round 22.
  3780 | D        | Reached skill level 23 in Armour
  3817 | D        | Reached skill level 15 in Dodging
  3841 | D        | Reached XP level 17. HP: 126/131 MP: 0/17
  3854 | D        | Arena points: 26001 (+2816) [x8]
  3891 | D        | Bought 4 potions of haste for 280 gold pieces
  3891 | D        | Bought 3 potions of haste for 210 gold pieces
  3898 | D        | Round 23.
  3926 | D        | Received a gift from Trog
  3948 | D        | Received a gift from Trog
  3958 | D        | Reached skill level 24 in Fighting
  3989 | D        | Arena points: 28899 (+2898) [x9]
  4002 | D        | Bought 3 royal jellies for 24 gold pieces
  4002 | D        | Bought 3 royal jellies for 24 gold pieces
  4002 | D        | Bought 3 royal jellies for 24 gold pieces
  4002 | D        | Bought 3 royal jellies for 24 gold pieces
  4002 | D        | Bought 3 royal jellies for 24 gold pieces
  4002 | D        | Bought 3 royal jellies for 24 gold pieces
  4002 | D        | Bought 3 royal jellies for 24 gold pieces
  4002 | D        | Bought 3 royal jellies for 24 gold pieces
  4002 | D        | Bought 3 royal jellies for 24 gold pieces
  4002 | D        | Bought 3 royal jellies for 24 gold pieces
  4002 | D        | Bought 3 royal jellies for 24 gold pieces
  4002 | D        | Bought 3 royal jellies for 24 gold pieces
  4002 | D        | Bought 3 royal jellies for 24 gold pieces
  4004 | D        | Round 24.
  4049 | D        | Paralysed by a giant eyeball for 4 turns
  4057 | D        | Paralysed by a giant eyeball for 3 turns
  4083 | D        | Received a gift from Trog
  4140 | D        | Received a gift from Trog
  4160 | D        | Arena points: 32499 (+3600) [x10]
  4192 | D        | Bought 3 scrolls of silence for 225 gold pieces
  4216 | D        | Bought 4 potions of haste for 280 gold pieces
  4216 | D        | Bought 3 potions of haste for 210 gold pieces
  4228 | D        | Round 25.
  4267 | D        | Arena points: 36699 (+4200) [x12]
  4267 | D        | Reached skill level 25 in Fighting
  4270 | D        | Got a slimy rune of Zot
  4271 | D        | Reached XP level 18. HP: 82/141 MP: 0/18
  4450 | D        | Round 26.
  4480 | D        | Received a gift from Trog
  4608 | D        | Arena points: 42445 (+5746) [x13]
  4646 | D        | Bought an uncursed ring of protection from fire for 375 gold pieces
  4648 | D        | Identified the amulet "Gony" {Stasis rElec Dex+4} (You bought it in a shop in the Dungeon)
  4650 | D        | Identified the amulet of the Two Names {Faith *Corrode rPois rF+ MR+} (You bought it in a shop in the Dungeon)
  4661 | D        | Round 27.
  4703 | D        | Noticed an ancient lich
  4717 | D        | Killed an ancient lich
  4717 | D        | Received a gift from Trog
  4717 | D        | Reached skill level 26 in Fighting
  4731 | D        | Noticed a Killer Klown
  4758 | D        | Killed a Killer Klown
  4762 | D        | Noticed an orb of fire
  4767 | D        | Gained mutation: You occasionally shout uncontrollably at your foes. [an orb of fire]
  4783 | D        | Killed an orb of fire
  4783 | D        | Reached skill level 27 in Fighting
  4783 | D        | Reached skill level 27 in Armour
  4783 | D        | Reached XP level 19. HP: 132/151 MP: 0/19
  4796 | D        | Received a gift from Trog
  4807 | D        | Noticed an orb of fire
  4809 | D        | Noticed an orb of fire
  4816 | D        | Gained mutation: You are partially covered in rough black scales (AC +4, Dex -1). [an orb of fire]
  4818 | D        | Killed an orb of fire
  4834 | D        | Killed an orb of fire
  4840 | D        | Received a gift from Trog
  4841 | D        | Noticed a Killer Klown
  4846 | D        | Noticed Tiamat
  4870 | D        | Killed a Killer Klown
  4892 | D        | Killed Tiamat
  4892 | D        | Received a gift from Trog
  4939 | D        | Received a gift from Trog
  4940 | D        | Noticed a golden dragon
  4959 | D        | Killed a golden dragon
  4959 | D        | Arena points: 51139 (+8694) [x14]
  5001 | D        | Bought 2 potions of cure mutation for 490 gold pieces
  5138 | D        | Round 28.
  5184 | D        | Received a gift from Trog
  5219 | D        | Arena points: 55339 (+4200) [x15]
  5234 | D        | Round 29.
  5306 | D        | Reached skill level 27 in Dodging
  5324 | D        | Received a gift from Trog
  5392 | D        | Received a gift from Trog
  5410 | D        | Arena points: 65083 (+9744) [x16]
  5430 | D        | Bought a wand of heal wounds (5) for 1080 gold pieces
  5430 | D        | Bought a wand of heal wounds (5) for 1080 gold pieces
  5453 | D        | Bought 3 scrolls of recharging for 285 gold pieces
  5453 | D        | Bought 3 scrolls of recharging for 285 gold pieces
  5453 | D        | Bought 3 scrolls of recharging for 285 gold pieces
  5480 | D        | Round 30.
  5495 | D        | Noticed Mnoleg
  5513 | D        | Gained mutation: Your magical capacity is low (-10% MP). [a neqoxec]
  5528 | D        | Killed Mnoleg
  5528 | D        | Received a gift from Trog
  5528 | D        | Arena points: 73723 (+8640) [x18]
  5528 | D        | Reached XP level 20. HP: 123/157 MP: 0/18
  5531 | D        | Got a glowing rune of Zot
  5532 | D        | Reached XP level 21. HP: 128/163 MP: 0/18
  5754 | D        | Round 31.
  5796 | D        | Received a gift from Trog
  5806 | D        | Received a gift from Trog
  5851 | D        | Arena points: 81380 (+7657) [x19]
  5866 | D        | Round 32.
  5879 | D        | Received a gift from Trog
  5903 | D        | Received a gift from Trog
  5945 | D        | Received a gift from Trog
  5974 | D        | Received a gift from Trog
  5974 | D        | Received a gift from Trog
  5999 | D        | Received a gift from Trog
  6009 | D        | Arena points: 96100 (+14720) [x20]
  6026 | D        | Round 33.
  6058 | D        | Noticed Asmodeus
  6112 | D        | Killed Asmodeus
  6112 | D        | Arena points: 108442 (+12342) [x22]
  6135 | D        | Got an obsidian rune of Zot
  6136 | D        | Reached XP level 22. HP: 156/169 MP: 0/22
  6213 | D        | Bought a warped large shield for 332 gold pieces
  6214 | D        | Bought 3 scrolls of identify for 150 gold pieces
  6218 | D        | Identified the +6 large shield "Jaipruts" {rF+ rC- MR+ Dex+8} (You bought it in a shop in the Dungeon)
  6241 | D        | Gained mutation: You tend to lose your temper in combat. [mutagenic glow]
  6245 | D        | Lost mutation: You occasionally shout uncontrollably at your foes. [potion of cure mutation]
  6245 | D        | Lost mutation: Your magical capacity is low (-10% MP). [potion of cure mutation]
  6245 | D        | Lost mutation: You tend to lose your temper in combat. [potion of cure mutation]
  6313 | D        | Round 34.
  6346 | D        | Gained mutation: Your magical capacity is low (-10% MP). [a shining eye]
  6349 | D        | Gained mutation: Your body sometimes deteriorates upon taking damage. [a shining eye]
  6355 | D        | Paralysed by a giant eyeball for 4 turns
  6363 | D        | Reached skill level 5 in Evocations
  6365 | D        | Paralysed by a giant eyeball for 2 turns
  6367 | D        | Received a gift from Trog
  6374 | D        | Paralysed by a giant eyeball for 3 turns
  6382 | D        | Paralysed by a giant eyeball for 4 turns
  6404 | D        | Received a gift from Trog
  6404 | D        | Paralysed by a giant eyeball for 3 turns
  6413 | D        | Paralysed by a giant eyeball for 2 turns
  6453 | D        | Received a gift from Trog
  6506 | D        | Paralysed by a giant eyeball for 2 turns
  6510 | D        | Arena points: 129556 (+21114) [x23]
  6554 | D        | Round 35.
  6596 | D        | Received a gift from Trog
  6646 | D        | Reached skill level 10 in Evocations
  6655 | D        | Received a gift from Trog
  6660 | D        | Arena points: 142156 (+12600) [x24]
  6675 | D        | Round 36.
  6680 | D        | Noticed Lom Lobon
  6721 | D        | Killed Lom Lobon
  6721 | D        | Arena points: 159004 (+16848) [x26]
  6724 | D        | Got a magical rune of Zot
  6729 | D        | Reached XP level 23. HP: 99/175 MP: 0/29
  6890 | D        | Round 37.
  6912 | D        | Noticed Geryon
  6942 | D        | Killed Geryon
  6963 | D        | Received a gift from Trog
  6993 | D        | Reached XP level 24. HP: 181/181 MP: 1/30
  7002 | D        | Reached skill level 27 in Shields
  7019 | D        | Received a gift from Trog
  7057 | D        | Reached skill level 15 in Evocations
  7116 | D        | Received a gift from Trog
  7132 | D        | Arena points: 159707 (+703) [x1]
  7147 | D        | Round 38.
  7167 | D        | Paralysed by a giant eyeball for 2 turns
  7188 | D        | Reached skill level 27 in Maces & Flails
  7193 | D        | Paralysed by a giant eyeball for 4 turns
  7199 | D        | Paralysed by a giant eyeball for 2 turns
  7209 | D        | Paralysed by a giant eyeball for 4 turns
  7216 | D        | Paralysed by a giant eyeball for 3 turns
  7244 | D        | Received a gift from Trog
  7310 | D        | Received a gift from Trog
  7348 | D        | Arena points: 161379 (+1672) [x2]
  7381 | D        | Round 39.
  7423 | D        | Noticed Ereshkigal
  7456 | D        | Killed Ereshkigal
  7456 | D        | Arena points: 164343 (+2964) [x4]
  7461 | D        | Got a bone rune of Zot
  7462 | D        | Reached XP level 25. HP: 89/187 MP: 2/35
  7677 | D        | Round 40.
  7726 | D        | Identified a +3 rod of inaccuracy (11/11) (You found it in the Dungeon)
  7769 | D        | HP: 9/187 [something (5)]
  7774 | D        | HP: 7/187 [something (4)]
  7779 | D        | HP: 1/187 [something (8)]
  7779 | D        | Killed by an exploding giant spore

Vault maps used:
D:        arena_sprint

Action                   |  1- 3 |  4- 6 |  7- 9 | 10-12 | 13-15 | 16-18 | 19-21 | 22-24 | 25-27 || total
-------------------------+-------+-------+-------+-------+-------+-------+-------+-------+-------++-------
Melee: Flail             |    61 |    22 |    47 |    25 |       |       |       |       |       ||   155
       Morningstar       |       |       |       |   189 |    61 |       |       |       |       ||   250
       Eveningstar       |       |       |       |       |   218 |       |       |       |       ||   218
       Demon whip        |       |       |       |       |    18 |   402 |   523 |   499 |    42 ||  1484
Invok: Berserk           |       |       |     1 |       |       |       |       |       |       ||     1
       Brothers in Arms  |       |       |       |     4 |     1 |     4 |     3 |       |       ||    12
Evoke: Wand              |       |       |       |       |       |       |     4 |     6 |    11 ||    21
       Quad damage       |       |       |       |       |       |       |     1 |       |       ||     1
  Use: Potion            |     2 |       |     2 |     9 |     8 |    10 |    21 |     8 |       ||    60
       Scroll            |       |       |     1 |    16 |    16 |     1 |     3 |     4 |     5 ||    46
 Stab: Confused          |       |       |     3 |       |       |       |       |       |       ||     3
       Distracted        |       |       |       |       |     1 |     1 |     1 |       |       ||     3
  Eat: Royal jelly       |       |       |     1 |     4 |     1 |     3 |     3 |     3 |     1 ||    16
